 Dungeon Crawl Stone Soup version 0.14-a0-1761-gdbd231b (webtiles) character file.

272 Mitsuki the Ogre Mage (level 5, -1/45 HPs)
             Began as an Ogre Wizard on Jan 4, 2014.
             Engulfed by a cloud of flame (14 damage)
             ... on Level 4 of the Dungeon.
             The game lasted 00:22:58 (3721 turns).

Mitsuki the Ogre Mage (Ogre Wizard)                 Turns: 3721, Time: 00:22:58

HP  -1/45        AC  7     Str 12      XL: 5   Next: 48%
MP  12/14        EV  9     Int 18      God:
Gold 105         SH  0     Dex  8      Spells:  3 memorised,  7 levels left

rFire  . . .     SeeInvis .     p - +2 whip (pain)
rCold  . . .     Clarity  .     a - +0 robe
rNeg   . . .     Conserve .     (shield restricted)
rPois  .         rCorr    .     b - +0 wizard hat
rElec  .         rRot     .     (no cloak)
SustAb . .       Spirit   .     (gloves unavailable)
rMut   .         Warding  .     (boots unavailable)
Saprov + . .     Stasis   .     (no amulet)
                                (no ring)
                                u - +4 ring of protection

@: slightly resistant to hostile enchantments, unstealthy
A: unfitting armour, fast metabolism 1, saprovore 1, tough skin 1
a: no special abilities


You were on level 4 of the Dungeon.
You were not hungry.

You visited 1 branch of the dungeon, and saw 4 of its levels.

You collected 105 gold pieces.

Inventory:

Hand weapons
 e - a +0,+0 club
 p - a +2,+2 whip of pain (weapon)
Missiles
 j - 44 darts (quivered)
Armour
 a - a +0 robe (worn)
 b - a +0 wizard hat (worn)
Comestibles
 d - 3 meat rations
 g - an apple
 s - 2 bread rations
Scrolls
 i - a scroll of identify
 l - a scroll of remove curse {unknown}
 o - 2 scrolls of enchant weapon II
 r - a scroll of curse jewellery {unknown}
 t - a scroll of amnesia {unknown}
Jewellery
 u - a +4 ring of protection (left hand)
Potions
 f - a potion of agility {unknown}
 h - a potion of restore abilities
 k - a potion of speed
 m - a potion of berserk rage {unknown}
 n - 2 potions of curing
 q - a potion of magic
 v - 2 potions of strong poison {unknown}
Books
 c - a book of Minor Magic

   Spells                             Type                      Level
   *Magic Dart                        Conjuration                  1
   *Blink                             Translocation                2
   Call Imp                           Summoning                    2
   Repel Missiles                     Charms/Air                   2
   Slow                               Hexes                        2
   Conjure Flame                      Conjuration/Fire             3
   *Mephitic Cloud                    Conjuration/Poison/Air       3


   Skills:
 - Level 1.0 Throwing
 - Level 1.9 Dodging
 - Level 1.5 Stealth
 - Level 4.7 Spellcasting
 + Level 2.7 Conjurations
   Level 0.6 Summonings
 + Level 1.2 Translocations
 + Level 0.1 Air Magic
 + Level 0.1 Poison Magic


You had 7 spell levels left.
You knew the following spells:

 Your Spells              Type           Power        Failure   Level  Hunger
a - Magic Dart            Conj           ##..         6%          1    None
b - Blink                 Tloc           N/A          14%         2    #......
c - Mephitic Cloud        Conj/Pois/Air  #.......     30%         3    ###....


Dungeon Overview and Level Annotations

Branches:
Dungeon (4/16)
 Temple: D:4-7

Altars:


Innate Abilities, Weirdness & Mutations

You are too large for most types of armour.
You have a fast metabolism.
You can tolerate rotten meat.
You have tough skin (AC +1).


Message History

You blink.
f - a glowing silvery potion
v - 2 purple potions Really walk into a travel-excluded area? [Y]es or [N]o only, please.
Really walk into a travel-excluded area? [Y]es or [N]o only, please.
Really walk into a travel-excluded area?
Number of times to repeat, then command key: You must enter the number of times for the command to repeat.
Really walk into that cloud of flame?
Okay, then.
Really walk into that cloud of flame?
Okay, then.
You are engulfed in roaring flames.
* * * LOW HITPOINT WARNING * * *
You see here 10 gold pieces.
You now have 105 gold pieces (gained 10).
You are engulfed in roaring flames.
You die...

#.# #§§§# #.# #.#
#§§§# #.# #.#
#§§§# #.#
#.#####.).#####.#
#..§§§.....§§§..#
#..§§§.....§§§..#
##.§§§.....§§§..#
######...#####.#
#§@§# #.# #§§§#
#.# #§§§# #.#
#...#####.#
##........#
##########


There were no monsters in sight!

Vanquished Creatures
  An orc wizard (D:4)
  4 adders
  An inept feature mimic (D:3)
  A worm (D:4)
  5 giant geckos
  2 orcs (D:3)
  3 giant cockroaches
  2 goblins
  10 hobgoblins
  6 jackals (D:2)
  A quokka (D:4)
  A ball python (D:2)
  6 bats
  4 giant newts
  7 kobolds
  14 rats
68 creatures vanquished.

Vanquished Creatures (others)
  An orc warrior (D:4)
  An orc priest (D:4)
  An orc (D:4)
3 creatures vanquished.

Grand Total: 71 creatures vanquished

Notes
Turn   | Place    | Note
--------------------------------------------------------------
     0 | D:1      | Mitsuki, the Ogre Wizard, began the quest for the Orb.
     0 | D:1      | Reached XP level 1. HP: 16/16 MP: 4/4
   329 | D:1      | Reached skill level 4 in Spellcasting
   337 | D:1      | Reached XP level 2. HP: 24/24 MP: 0/7
  1092 | D:1      | Reached XP level 3. HP: 15/31 MP: 3/10
  1251 | D:1      | Learned a level 2 spell: Blink
  1674 | D:2      | Reached skill level 1 in Conjurations
  1977 | D:2      | Reached skill level 1 in Throwing
  1977 | D:2      | Reached XP level 4. HP: 26/39 MP: 2/12
  3121 | D:4      | Learned a level 3 spell: Mephitic Cloud
  3165 | D:4      | Reached skill level 1 in Translocations
  3271 | D:4      | Reached XP level 5. HP: 34/45 MP: 2/14
  3523 | D:4      | Noticed an orc warrior
  3577 | D:4      | Killed an orc warrior
  3721 | D:4      | Engulfed by a cloud of flame

Action                   |  1- 3 |  4- 6 || total
-------------------------+-------+-------++-------
Melee: Club              |    50 |    37 ||    87
       Unarmed           |     2 |       ||     2
       Whip              |       |    18 ||    18
Throw: Dart              |    45 |     3 ||    48
 Cast: Magic Dart        |    77 |    69 ||   146
       Blink             |     2 |     6 ||     8
       Mephitic Cloud    |       |     3 ||     3
  Use: Potion            |     5 |     1 ||     6
       Scroll            |       |     4 ||     4
 Stab: Confused          |       |     1 ||     1
       Sleeping          |       |     1 ||     1
